Map: Ruines d’Endion

Players

DukeSeeD - Winner!

  • Race: Terran Terran
  • League: Silver
  • Spawn Location: 7:00

zidar

  • Race: Zerg Zerg
  • League: Gold
  • Spawn Location: 5:00

VOD

Have the link to the VOD?

Description

Time

  • Played on: May 18, 2016, 2:49 p.m.
  • Length: 7:29
Show
View Real Time Build Order
Export as new Build Order

DukeSeeD Terran - Winner!

Build Orders:  

Get SALT Encoding   

  12  0:02  SCV  
  13  0:14  SCV  
  13  0:21  Supply Depot  
  14  0:33  SCV, Supply Depot  
  15  0:50  Barracks  
  15  0:53  SCV  
  16  1:00  Supply Depot  
  16  1:05  SCV  
  17  1:15  Refinery  
  17  1:18  Refinery  
  17  1:37  Orbital Command  
  17  1:45  Marine  
  18  2:06  Barracks Reactor  
  18  2:10  SCV  
  19  2:22  SCV  
  20  2:25  Factory  
  20  2:43  Marine x2  
  22  2:46  SCV  
  23  2:53  Factory  
  23  2:59  SCV  
  23  3:02  Marine x2  
  26  3:10  Factory Tech Lab  
  26  3:15  SCV  
  26  3:16  Engineering Bay  
  26  3:19  Marine  
  27  3:20  Marine  
  29  3:27  SCV  
  29  3:29  Siege Tank  
  29  3:33  Supply Depot  
  33  3:39  Factory Tech Lab  
  33  3:46  Marine  
  33  3:47  Marine  
  35  4:00  Siege Tank  
  35  4:02  Siege Tank  
  41  4:10  Marine x2  
  43  4:25  Missile Turret  
  43  4:27  Missile Turret  
  43  4:33  Missile Turret  
  47  4:38  Terran Infantry Weapons Level 1  
  47  4:39  Widow Mine, Missile Turret  
  47  4:42  Widow Mine  
  47  4:50  Bunker  
  47  5:29  Marine x2, Siege Tank x2  
  55  5:36  Supply Depot  
  55  5:39  SCV  
  55  5:48  Missile Turret  
Show
View Real Time Build Order
Export as new Build Order

zidar Zerg 

Build Orders: Hatch First 

Get SALT Encoding   

  12  0:01  Drone  
  13  0:12  Overlord  
  13  0:18  Drone  
  14  0:30  Drone  
  14  0:31  Drone  
  16  0:37  Drone  
  17  0:56  Hatchery  
  16  0:58  Drone  
  18  1:04  Extractor, Drone  
  17  1:20  Spawning Pool  
  17  1:21  Drone  
  17  1:33  Drone  
  18  1:41  Drone x2  
  20  1:54  Overlord  
  20  2:07  Queen  
  22  2:08  Queen  
  22  2:11  Drone  
  22  2:14  Metabolic Boost  
  25  2:18  Extractor  
  24  2:27  Baneling Nest  
  23  2:31  Zergling x4  
  25  2:44  Drone x3  
  28  3:01  Drone x4  
  28  3:03  Pneumatized Carapace  
  32  3:23  Drone  
  33  3:31  Drone x3  
  33  3:33  Overlord x3  
  36  3:46  Baneling x3  
  35  3:59  Evolution Chamber  
  35  4:01  Zergling x2  
  35  4:10  Extractor  
  35  4:11  Extractor  
  35  4:16  Spore Crawler  
  32  4:21  Spore Crawler  
  32  4:23  Lair  
  31  4:25  Baneling  
  31  4:40  Drone x7  
  31  4:41  Drone x4  
  42  4:46  Drone x2  
  42  4:47  Drone  
  45  5:03  Drone  
  46  5:10  Hatchery  
  46  5:13  Zerg Melee Weapons Level 1  
  45  5:17  Drone x4  
  47  5:46  Zergling x8  
  47  5:49  Overlord  
  51  5:50  Overlord x3  
  41  6:11  Baneling x9  
  41  6:14  Zergling x8  
  41  6:15  Zergling x2  
  46  6:37  Zergling x8  
Tags
 
Add a new tag
Caveats
  • Supply blocks, unpowered buildings, or Contaminate may cause inaccurate times.
  • Supply counts are checked every 10 seconds.